Workbook
Name _Toc210551163: '1.CONSORCIO LM & CB'!#REF!
Name _Toc210551163: '2.COMERCIALIZADORA COMSILA SAS'!#REF!
Name _Toc210551163: '3.4P PUBLICIDAD SAS'!#REF!
Name _Toc210551163: '4.GN GENERACION DE NEGOCIOS SAS'!#REF!
Name _Toc210551163: '5.PROMOS LTDA'!#REF!
Name _Toc210551163: '6.SIGNAL MARKETING S.A.S.'!#REF!
Name _Toc210551163: '7.IMPRIDEAS SAS'!#REF!
Name _Toc210551172: '1.CONSORCIO LM & CB'!#REF!
Name _Toc210551172: '2.COMERCIALIZADORA COMSILA SAS'!#REF!
Name _Toc210551172: '3.4P PUBLICIDAD SAS'!#REF!
Name _Toc210551172: '4.GN GENERACION DE NEGOCIOS SAS'!#REF!
Name _Toc210551172: '5.PROMOS LTDA'!#REF!
Name _Toc210551172: '6.SIGNAL MARKETING S.A.S.'!#REF!
Name _Toc210551172: '7.IMPRIDEAS SAS'!#REF!
Name A: #REF!
Name A: #REF!
Name AA: #REF!
Name AA: #REF!
Name class: #REF!
Name class: #REF!
Name class2: #REF!
Name class2: #REF!
Name Compras_Suministro: #REF!
Name Compras_Suministro: #REF!
Name Diseño: #REF!
Name Diseño: #REF!
Name Honorarios: #REF!
Name Honorarios: #REF!
Name ica: #REF!
Name ica: #REF!
Name Interventoria_Consultoria: #REF!
Name Interventoria_Consultoria: #REF!
Name Obra_Pública: #REF!
Name Obra_Pública: #REF!
Name Servicios_Generales: #REF!
Name Servicios_Generales: #REF!
Name Transporte_Carga: #REF!
Name Transporte_Carga: #REF!
Name Transporte_Restaurante: #REF!
Name Transporte_Restaurante: #REF!

Sheet 1.CONSORCIO LM & CB
A1: 1 | C1: FONDO NACIONAL DEL AHORRO
C3: OBJETO PROCESO | D3: =+'CONSOLIDADO FINANCIERO'!F5 -> SUMINISTRO DE MATERIAL PROMOCIONAL PUBLICITARIO INSTITUCIONAL PARA LA PROMOCIÓN, POSICIONAMIENTO, SOCIALIZACIÓN Y DIFUSIÓN DE LA MARCA FNA
C4: NUMERO DE PROCESO | D4: =+'CONSOLIDADO FINANCIERO'!F6 -> FNA-SG-SB-007-2022
C5: PROPONENTE | D5: =+'CONSOLIDADO FINANCIERO'!E10 -> CONSORCIO LM & CB
C7: %VERIFICACION EXPEDICIÓN REGISTRO UNICO DE PROPONENTES - COMERCIALIZADORA CAFÉ BOTERO SAS 52%
C9: FECHA CIERRE PROCESO | D9: 44769
C10: FECHA EXPEDICION RUP | D10: 44721 | I10: =IF(D10>=N10,"CUMPLE","NO CUMPLE") -> NO CUMPLE | K10: mm / dd / aa | L10: =IF(I10="CUMPLE",0,1) -> 1 | N10: =+D9-30 -> 44739 | O10: 30 días anteriores
C11: FECHA ULTIMA RENOVACION | D11: 44365 | I11: =IF(D11>=N11,"CUMPLE","NO CUMPLE") -> NO CUMPLE | K11: mm / dd / aa | L11: =IF(I11="CUMPLE",0,1) -> 1 | N11: 44746 | O11: 10 días hábiles
C12: FECHA DE LOS ESTADOS FINANCIEROS | D12: 44196 | I12: =IF(D12<=N12,"CUMPLE","NO CUMPLE") -> CUMPLE | K12: mm / dd / aa | L12: =IF(I12="CUMPLE",0,1) -> 0 | N12: =+D12+15 -> 44211
C14: VERIFICACION EXPEDICIÓN REGISTRO UNICO DE PROPONENTES - LITTLE MONKEY BTL SAS 48%
C16: FECHA CIERRE PROCESO | D16: 44769
C17: FECHA EXPEDICION RUP | D17: 44743 | I17: =IF(D17>=N17,"CUMPLE","NO CUMPLE") -> CUMPLE | K17: mm / dd / aa | L17: =IF(I17="CUMPLE",0,1) -> 0 | N17: =+D16-30 -> 44739 | O17: 30 días anteriores
C18: FECHA ULTIMA RENOVACION | D18: 44725 | I18: =IF(D18<=N18,"CUMPLE","NO CUMPLE") -> CUMPLE | K18: mm / dd / aa | L18: =IF(I18="CUMPLE",0,1) -> 0 | N18: =+D18+15 -> 44740 | O18: 10 días hábiles
C19: FECHA DE LOS ESTADOS FINANCIEROS | D19: 44561 | I19: =IF(D19<=N19,"CUMPLE","NO CUMPLE") -> CUMPLE | K19: mm / dd / aa | L19: =IF(I19="CUMPLE",0,1) -> 0 | N19: =+D19+15 -> 44576
C21: VERIFICACIÓN REQUISITOS HABILITANTES FINANCIEROS
J22: DOCUMENTO ELECTRONICO
A23: NUMERAL | B23: VERIFICACIÓN DE LA CAPACIDAD FINANCIERA | C23: DESCRIPCION | D23: CRITERIO | E23: ITEM | F23: COMERCIALIZADORA CAFÉ BOTERO SAS | G23: LITTLE MONKEY BTL SAS | H23: INDICADOR | I23: RESULTADO VERIFICACION | K23: OBSERVACIONES
F24: 0.52 | G24: 0.48
A25: 4.1 | B25: 4.1.4.1 REQUISITOS FINANCIEROS | C25: Capital de Trabajo ≥ 45% POE | D25: =+'CONSOLIDADO FINANCIERO'!F7*45% -> 360000000 | E25: Activo Corriente | F25: 1592302000 | G25: 500522000 | H25: =+(F25+G25)-(F26+G26) -> 1705385000 | I25: =IF(H25>=D25,"CUMPLE","NO CUMPLE") -> CUMPLE | J25: Registro Único de Proponentes | K25: 1. El oferente NO CUMPLE con los Indicadores Financieros y de Capacidad Organizacional solicitados por la Entidad, toda vez que no presento el RUP del integrante COMERCIALIZADORA CAFÉ BOTERO SAS en el termino establecido para subsanar en las reglas de participación. | L25: =IF(I25="CUMPLE",0,1) -> 0
E26: Pasivo Corriente | F26: 195733000 | G26: 191706000
A27: 4.1 | B27: 4.1.4.1 REQUISITOS FINANCIEROS | C27: Índice de Liquidez ≥ 1.2 | D27: 1.2 | E27: Activo Corriente | F27: =+F25 -> 1592302000 | G27: =+G25 -> 500522000 | H27: =+((F27*F24)+(G27*G24))/((F28*F24)+(G28*G24)) -> 5.5121124 | I27: =IF(H27>=D27,"CUMPLE","NO CUMPLE") -> CUMPLE | J27: Registro Único de Proponentes | L27: =IF(I27="CUMPLE",0,1) -> 0
E28: Pasivo Corriente | F28: =+F26 -> 195733000 | G28: =+G26 -> 191706000
A29: 4.1 | B29: 4.1.4.1 REQUISITOS FINANCIEROS | C29: Nivel de Endeudamiento ≤ 80% | D29: 0.8 | E29: Pasivo Total | F29: 464383000 | G29: 191706000 | H29: =((F29*F24)+(G29*G24))/((F30*F24)+(G30*G24)) -> 0.31219171 | I29: =IF(H29<=D29,"CUMPLE","NO CUMPLE") -> CUMPLE | J29: Registro Único de Proponentes | L29: =IF(I29="CUMPLE",0,1) -> 0
E30: Activo Total | F30: 1592302000 | G30: 500522000
A31: 4.1 | B31: 4.1.4.2 CAPACIDAD ORGANIZACIONAL. | C31: Rentabilidad sobre Patrimonio ≥0.00 | D31: 0 | E31: Utilidad Operacional | F31: 672528000 | G31: 90018000 | H31: =((F31*F24)+(G31*G24))/((F32*F24)+(G32*G24)) -> 0.5347716 | I31: =IF(H31>=D31,"CUMPLE","NO CUMPLE") -> CUMPLE | J31: Registro Único de Proponentes | L31: =IF(I31="CUMPLE",0,1) -> 0
E32: Patrimonio | F32: 1127919000 | G32: 308816000
A33: 4.1 | B33: =+B31 -> 4.1.4.2 CAPACIDAD ORGANIZACIONAL. | C33: Rentabilidad sobre Activo ≥0.0 | D33: 0 | E33: Utilidad Operacional | F33: =+F31 -> 672528000 | G33: =+G31 -> 90018000 | H33: =((F33*F24)+(G33*G24))/((F34*F24)+(G34*G24)) -> 0.36782034 | I33: =IF(H33>=D33,"CUMPLE","NO CUMPLE") -> CUMPLE | J33: Registro Único de Proponentes | L33: =IF(I33="CUMPLE",0,1) -> 0
E34: Activo total | F34: =+F30 -> 1592302000 | G34: =+G30 -> 500522000
E36: RESULTADO | H36: NO CUMPLE | L36: =SUM(L17:L34) -> 0
A41: =+'CONSOLIDADO FINANCIERO'!$D$18 -> Elaboró: Diana Marcela Osuna Ayala Profesional 02 Gerencia Contratación Fondo Nacional del Ahorro

Sheet 2.COMERCIALIZADORA COMSILA SAS
A1: 2 | C1: FONDO NACIONAL DEL AHORRO
C3: OBJETO PROCESO | D3: =+'CONSOLIDADO FINANCIERO'!F5 -> SUMINISTRO DE MATERIAL PROMOCIONAL PUBLICITARIO INSTITUCIONAL PARA LA PROMOCIÓN, POSICIONAMIENTO, SOCIALIZACIÓN Y DIFUSIÓN DE LA MARCA FNA
C4: NUMERO DE PROCESO | D4: =+'CONSOLIDADO FINANCIERO'!F6 -> FNA-SG-SB-007-2022
C5: PROPONENTE | D5: =+'CONSOLIDADO FINANCIERO'!E11 -> COMERCIALIZADORA COMSILA SAS
C7: VERIFICACION EXPEDICIÓN REGISTRO UNICO DE PROPONENTES
C9: FECHA CIERRE PROCESO | D9: =+'1.CONSORCIO LM & CB'!D9 -> 44769
C10: FECHA EXPEDICION RUP | D10: 44768 | H10: =IF(D10<=D9,"CUMPLE","NO CUMPLE") -> CUMPLE | J10: mm / dd / aa | K10: =IF(H10="CUMPLE",0,1) -> 0 | M10: =+D9-30 -> 44739 | N10: 30 días anteriores
C11: FECHA ULTIMA RENOVACION | D11: 44649 | H11: =IF(D11<=M11,"CUMPLE","NO CUMPLE") -> CUMPLE | J11: mm / dd / aa | K11: =IF(H11="CUMPLE",0,1) -> 0 | M11: 44658 | N11: 10 días hábiles
C12: FECHA DE LOS ESTADOS FINANCIEROS | D12: 44561 | H12: =IF(D12<=M12,"CUMPLE","NO CUMPLE") -> CUMPLE | J12: mm / dd / aa | K12: =IF(H12="CUMPLE",0,1) -> 0 | M12: =+D12+15 -> 44576
C14: VERIFICACIÓN REQUISITOS HABILITANTES FINANCIEROS
A16: NUMERAL | B16: VERIFICACIÓN DE LA CAPACIDAD FINANCIERA | C16: DESCRIPCION | D16: CRITERIO | E16: ITEM | F16: VALOR | G16: INDICADOR | H16: RESULTADO VERIFICACION | I16: DOCUMENTO ELECTRONICO | J16: OBSERVACIONES
A17: 4.1 | B17: 4.1.4.1 REQUISITOS FINANCIEROS | C17: Capital de Trabajo ≥ 45% POE | D17: ='CONSOLIDADO FINANCIERO'!$F$7*45% -> 360000000 | E17: Activo Corriente | F17: 3582574581 | G17: =+F17-F18 -> 2377576111 | H17: =IF(G17>=D17,"CUMPLE","NO CUMPLE") -> CUMPLE | I17: Registro Único de Proponentes | J17: 1. Cumple con los Indicadores Financieros y de Capacidad Organizacional solicitados por la Entidad, según información Financiera reportada a 31 dic 2021. | K17: =IF(H17="CUMPLE",0,1) -> 0
E18: Pasivo Corriente | F18: 1204998470
A19: 4.1 | B19: 4.1.4.1 REQUISITOS FINANCIEROS | C19: Índice de Liquidez ≥ 1.2 | D19: 1.2 | E19: Activo Corriente | F19: =+F17 -> 3582574581 | G19: =+F19/F20 -> 2.9730947 | H19: =IF(G19>=D19,"CUMPLE","NO CUMPLE") -> CUMPLE | I19: Registro Único de Proponentes | K19: =IF(H19="CUMPLE",0,1) -> 0
E20: Pasivo Corriente | F20: =+F18 -> 1204998470
A21: 4.1 | B21: 4.1.4.1 REQUISITOS FINANCIEROS | C21: Nivel de Endeudamiento ≤ 80% | D21: 0.8 | E21: Pasivo Total | F21: 2365259132 | G21: =+F21/F22 -> 0.52333319 | H21: =IF(G21<=D21,"CUMPLE","NO CUMPLE") -> CUMPLE | I21: Registro Único de Proponentes | K21: =IF(H21="CUMPLE",0,1) -> 0
E22: Activo Total | F22: 4519604690
A23: 4.1 | B23: 4.1.4.2 CAPACIDAD ORGANIZACIONAL. | C23: Rentabilidad sobre Patrimonio ≥0.00 | D23: 0 | E23: Utilidad Operacional | F23: 431022606 | G23: =+F23/F24 -> 0.20007125 | H23: =IF(G23>=D23,"CUMPLE","NO CUMPLE") -> CUMPLE | I23: Registro Único de Proponentes | K23: =IF(H23="CUMPLE",0,1) -> 0
E24: Patrimonio | F24: 2154345558
A25: 4.1 | B25: =+B23 -> 4.1.4.2 CAPACIDAD ORGANIZACIONAL. | C25: Rentabilidad sobre Activo ≥0.00 | D25: 0 | E25: Utilidad Operacional | F25: =+F23 -> 431022606 | G25: =+F25/F26 -> 0.095367324 | H25: =IF(G25>=D25,"CUMPLE","NO CUMPLE") -> CUMPLE | I25: Registro Único de Proponentes | K25: =IF(H25="CUMPLE",0,1) -> 0
E26: Activo total | F26: =+F22 -> 4519604690
E28: RESULTADO | G28: =IF(K28=0,"CUMPLE","NO CUMPLE") -> CUMPLE | K28: =SUM(K17:K26) -> 0
A33: =+'CONSOLIDADO FINANCIERO'!$D$18 -> Elaboró: Diana Marcela Osuna Ayala Profesional 02 Gerencia Contratación Fondo Nacional del Ahorro

Sheet 3.4P PUBLICIDAD SAS
A1: 3 | C1: FONDO NACIONAL DEL AHORRO
C3: OBJETO PROCESO | D3: =+'CONSOLIDADO FINANCIERO'!F5 -> SUMINISTRO DE MATERIAL PROMOCIONAL PUBLICITARIO INSTITUCIONAL PARA LA PROMOCIÓN, POSICIONAMIENTO, SOCIALIZACIÓN Y DIFUSIÓN DE LA MARCA FNA
C4: NUMERO DE PROCESO | D4: =+'CONSOLIDADO FINANCIERO'!F6 -> FNA-SG-SB-007-2022
C5: PROPONENTE | D5: =+'CONSOLIDADO FINANCIERO'!E12 -> 4P PUBLICIDAD SAS
C7: VERIFICACION EXPEDICIÓN REGISTRO UNICO DE PROPONENTES
C9: FECHA CIERRE PROCESO | D9: =+'1.CONSORCIO LM & CB'!D16 -> 44769
C10: FECHA EXPEDICION RUP | I10: =IF(D10>=N10,"CUMPLE","NO CUMPLE") -> NO CUMPLE | L10: =IF(I10="CUMPLE",0,1) -> 1 | N10: =+D9-30 -> 44739 | O10: 30 días anteriores
C11: FECHA ULTIMA RENOVACION | I11: =IF(D11>=L11,"CUMPLE","NO CUMPLE") -> NO CUMPLE | L11: 44658 | N11: =+D11+15 -> 15 | O11: 10 días hábiles
C12: FECHA DE LOS ESTADOS FINANCIEROS | I12: =IF(D12<=N12,"CUMPLE","NO CUMPLE") -> CUMPLE | L12: =IF(I12="CUMPLE",0,1) -> 0 | N12: =+D12+15 -> 15
C15: VERIFICACIÓN REQUISITOS HABILITANTES FINANCIEROS
A17: NUMERAL | B17: VERIFICACIÓN DE LA CAPACIDAD FINANCIERA | C17: DESCRIPCION | D17: CRITERIO | E17: ITEM | F17: GREEN MACHINE S.A.S. | G17: INDICADOR | H17: RESULTADO VERIFICACION | I17: DOCUMENTO ELECTRONICO | J17: OBSERVACIONES
A18: 4.1 | B18: 4.1.4.1 REQUISITOS FINANCIEROS | C18: Capital de Trabajo ≥ 45% POE | D18: =+'CONSOLIDADO FINANCIERO'!F7*45% -> 360000000 | E18: Activo Corriente | G18: =+F18-F19 -> 0 | H18: =IF(G18>=D18,"CUMPLE","NO CUMPLE") -> NO CUMPLE | I18: Registro Único de Proponentes | J18: 1. El oferente NO CUMPLE con los Indicadores Financieros y de Capacidad Organizacional solicitados por la Entidad, toda vez que no presento el RUP en el termino establecido para subsanar en las reglas de participación. | K18: =IF(H18="CUMPLE",0,1) -> 1
E19: Pasivo Corriente
A20: 4.1 | B20: 4.1.4.1 REQUISITOS FINANCIEROS | C20: Índice de Liquidez ≥ 1.8 | D20: 1.8 | E20: Activo Corriente | F20: =+F18 -> 0 | G20: =+F20/F21 -> #DIV/0! | H20: =IF(G20>=D20,"CUMPLE","NO CUMPLE") -> #DIV/0! | I20: Registro Único de Proponentes | K20: =IF(H20="CUMPLE",0,1) -> #DIV/0!
E21: Pasivo Corriente | F21: =+F19 -> 0
A22: 4.1 | B22: 4.1.4.1 REQUISITOS FINANCIEROS | C22: Nivel de Endeudamiento ≤ 70% | D22: 0.7 | E22: Pasivo Total | G22: =+F22/F23 -> #DIV/0! | H22: =IF(G22<=D22,"CUMPLE","NO CUMPLE") -> #DIV/0! | I22: Registro Único de Proponentes | K22: =IF(H22="CUMPLE",0,1) -> #DIV/0!
E23: Activo Total
A24: 4.1 | B24: 4.1.4.2 CAPACIDAD ORGANIZACIONAL. | C24: Rentabilidad sobre Patrimonio ≥0.09 | D24: 0.09 | E24: Utilidad Operacional | G24: =+F24/F25 -> #DIV/0! | H24: =IF(G24>=D24,"CUMPLE","NO CUMPLE") -> #DIV/0! | I24: Registro Único de Proponentes | K24: =IF(H24="CUMPLE",0,1) -> #DIV/0!
E25: Patrimonio
A26: 4.1 | B26: =+B24 -> 4.1.4.2 CAPACIDAD ORGANIZACIONAL. | C26: Rentabilidad sobre Activo ≥0.07 | D26: 0.07 | E26: Utilidad Operacional | F26: =+F24 -> 0 | G26: =+F26/F27 -> #DIV/0! | H26: =IF(G26>=D26,"CUMPLE","NO CUMPLE") -> #DIV/0! | I26: Registro Único de Proponentes | K26: =IF(H26="CUMPLE",0,1) -> #DIV/0!
E27: Activo total | F27: =+F23 -> 0
E29: RESULTADO | G29: NO CUMPLE | K29: =SUM(K10:K27) -> #DIV/0!
A34: =+'CONSOLIDADO FINANCIERO'!$D$18 -> Elaboró: Diana Marcela Osuna Ayala Profesional 02 Gerencia Contratación Fondo Nacional del Ahorro

Sheet 4.GN GENERACION DE NEGOCIOS SAS
A1: 4 | C1: FONDO NACIONAL DEL AHORRO
C3: OBJETO PROCESO | D3: =+'CONSOLIDADO FINANCIERO'!F5 -> SUMINISTRO DE MATERIAL PROMOCIONAL PUBLICITARIO INSTITUCIONAL PARA LA PROMOCIÓN, POSICIONAMIENTO, SOCIALIZACIÓN Y DIFUSIÓN DE LA MARCA FNA
C4: NUMERO DE PROCESO | D4: =+'CONSOLIDADO FINANCIERO'!F6 -> FNA-SG-SB-007-2022
C5: PROPONENTE | D5: =+'CONSOLIDADO FINANCIERO'!E13 -> GN GENERACION DE NEGOCIOS SAS
C7: VERIFICACION EXPEDICIÓN REGISTRO UNICO DE PROPONENTES
C9: FECHA CIERRE PROCESO | D9: =+'1.CONSORCIO LM & CB'!D16 -> 44769
C10: FECHA EXPEDICION RUP | D10: 44742 | H10: =IF(D10>=M10,"CUMPLE","NO CUMPLE") -> CUMPLE | J10: mm / dd / aa | K10: =IF(H10="CUMPLE",0,1) -> 0 | M10: =+D9-30 -> 44739 | N10: 30 días anteriores
C11: FECHA ULTIMA RENOVACION | D11: 44678 | H11: =IF(D11>=M11,"CUMPLE","NO CUMPLE") -> CUMPLE | J11: mm / dd / aa | K11: =IF(H11="CUMPLE",0,1) -> 0 | M11: 44658 | N11: 10 días hábiles
C12: FECHA DE LOS ESTADOS FINANCIEROS | D12: 44561 | H12: =IF(D12<=M12,"CUMPLE","NO CUMPLE") -> CUMPLE | J12: mm / dd / aa | K12: =IF(H12="CUMPLE",0,1) -> 0 | M12: =+D12+15 -> 44576
C14: VERIFICACIÓN REQUISITOS HABILITANTES FINANCIEROS
A16: NUMERAL | B16: VERIFICACIÓN DE LA CAPACIDAD FINANCIERA | C16: DESCRIPCION | D16: CRITERIO | E16: ITEM | F16: VALOR | G16: INDICADOR | H16: RESULTADO VERIFICACION | I16: DOCUMENTO ELECTRONICO | J16: OBSERVACIONES
A17: 4.1 | B17: 4.1.4.1 REQUISITOS FINANCIEROS | C17: Capital de Trabajo ≥ 45% POE | D17: ='CONSOLIDADO FINANCIERO'!$F$7*45% -> 360000000 | E17: Activo Corriente | F17: 697672937 | G17: =+F17-F18 -> 643195771 | H17: =IF(G17>=D17,"CUMPLE","NO CUMPLE") -> CUMPLE | I17: Registro Único de Proponentes | J17: 1. Cumple con los Indicadores Financieros y de Capacidad Organizacional solicitados por la Entidad, según información Financiera reportada a 31 dic 2021. | K17: =IF(H17="CUMPLE",0,1) -> 0
E18: Pasivo Corriente | F18: 54477166
A19: 4.1 | B19: 4.1.4.1 REQUISITOS FINANCIEROS | C19: Índice de Liquidez ≥ 1.2 | D19: 1.2 | E19: Activo Corriente | F19: =+F17 -> 697672937 | G19: =+F19/F20 -> 12.806704 | H19: =IF(G19>=D19,"CUMPLE","NO CUMPLE") -> CUMPLE | I19: Registro Único de Proponentes | K19: =IF(H19="CUMPLE",0,1) -> 0
E20: Pasivo Corriente | F20: =+F18 -> 54477166
A21: 4.1 | B21: 4.1.4.1 REQUISITOS FINANCIEROS | C21: Nivel de Endeudamiento ≤ 80% | D21: 0.8 | E21: Pasivo Total | F21: 54477166 | G21: =+F21/F22 -> 0.07073368 | H21: =IF(G21<=D21,"CUMPLE","NO CUMPLE") -> CUMPLE | I21: Registro Único de Proponentes | K21: =IF(H21="CUMPLE",0,1) -> 0
E22: Activo Total | F22: 770172937
A23: 4.1 | B23: 4.1.4.2 CAPACIDAD ORGANIZACIONAL. | C23: Rentabilidad sobre Patrimonio ≥0.00 | D23: 0 | E23: Utilidad Operacional | F23: 223252163 | G23: =+F23/F24 -> 0.31193724 | H23: =IF(G23>=D23,"CUMPLE","NO CUMPLE") -> CUMPLE | I23: Registro Único de Proponentes | K23: =IF(H23="CUMPLE",0,1) -> 0
E24: Patrimonio | F24: 715695771
A25: 4.1 | B25: =+B23 -> 4.1.4.2 CAPACIDAD ORGANIZACIONAL. | C25: Rentabilidad sobre Activo ≥0.0 | D25: 0 | E25: Utilidad Operacional | F25: =+F23 -> 223252163 | G25: =+F25/F26 -> 0.28987277 | H25: =IF(G25>=D25,"CUMPLE","NO CUMPLE") -> CUMPLE | I25: Registro Único de Proponentes | K25: =IF(H25="CUMPLE",0,1) -> 0
E26: Activo total | F26: =+F22 -> 770172937
E28: RESULTADO | G28: =IF(K28=0,"CUMPLE","NO CUMPLE") -> CUMPLE | K28: =SUM(K10:K26) -> 0
A33: =+'CONSOLIDADO FINANCIERO'!$D$18 -> Elaboró: Diana Marcela Osuna Ayala Profesional 02 Gerencia Contratación Fondo Nacional del Ahorro

Sheet 5.PROMOS LTDA
A1: 5 | C1: FONDO NACIONAL DEL AHORRO
C3: OBJETO PROCESO | D3: =+'CONSOLIDADO FINANCIERO'!F5 -> SUMINISTRO DE MATERIAL PROMOCIONAL PUBLICITARIO INSTITUCIONAL PARA LA PROMOCIÓN, POSICIONAMIENTO, SOCIALIZACIÓN Y DIFUSIÓN DE LA MARCA FNA
C4: NUMERO DE PROCESO | D4: =+'CONSOLIDADO FINANCIERO'!F6 -> FNA-SG-SB-007-2022
C5: PROPONENTE | D5: =+'CONSOLIDADO FINANCIERO'!E14 -> PROMOS LTDA
C7: VERIFICACION EXPEDICIÓN REGISTRO UNICO DE PROPONENTES
C9: FECHA CIERRE PROCESO | D9: =+'1.CONSORCIO LM & CB'!D16 -> 44769
C10: FECHA EXPEDICION RUP | D10: 44750 | H10: CUMPLE | J10: mm / dd / aa | K10: =IF(H10="CUMPLE",0,1) -> 0 | M10: =+D9-30 -> 44739 | N10: 30 días anteriores
C11: FECHA ULTIMA RENOVACION | D11: 44680 | H11: =IF(D11<=M11,"CUMPLE","NO CUMPLE") -> CUMPLE | J11: mm / dd / aa | K11: =IF(H11="CUMPLE",0,1) -> 0 | M11: =+D11+15 -> 44695 | N11: 10 días hábiles
C12: FECHA DE LOS ESTADOS FINANCIEROS | D12: 44561 | H12: =IF(D12<=M12,"CUMPLE","NO CUMPLE") -> CUMPLE | J12: mm / dd / aa | K12: =IF(H12="CUMPLE",0,1) -> 0 | M12: =+D12+15 -> 44576
C14: VERIFICACIÓN REQUISITOS HABILITANTES FINANCIEROS
A16: NUMERAL | B16: VERIFICACIÓN DE LA CAPACIDAD FINANCIERA | C16: DESCRIPCION | D16: CRITERIO | E16: ITEM | F16: VALOR | G16: INDICADOR | H16: RESULTADO VERIFICACION | I16: DOCUMENTO ELECTRONICO | J16: OBSERVACIONES
A17: 4.1 | B17: 4.1.4.1 REQUISITOS FINANCIEROS | C17: Capital de Trabajo ≥ 45% POE | D17: ='CONSOLIDADO FINANCIERO'!$F$7*45% -> 360000000 | E17: Activo Corriente | F17: 45560431577 | G17: =+F17-F18 -> 26890797619 | H17: =IF(G17>=D17,"CUMPLE","NO CUMPLE") -> CUMPLE | I17: Registro Único de Proponentes | J17: 1. Cumple con los Indicadores Financieros y de Capacidad Organizacional solicitados por la Entidad, según información Financiera reportada a 31 dic 2021. | K17: =IF(H17="CUMPLE",0,1) -> 0
E18: Pasivo Corriente | F18: 18669633958
A19: 4.1 | B19: 4.1.4.1 REQUISITOS FINANCIEROS | C19: Índice de Liquidez ≥ 1.2 | D19: 1.2 | E19: Activo Corriente | F19: =+F17 -> 45560431577 | G19: =+F19/F20 -> 2.4403495 | H19: =IF(G19>=D19,"CUMPLE","NO CUMPLE") -> CUMPLE | I19: Registro Único de Proponentes | K19: =IF(H19="CUMPLE",0,1) -> 0
E20: Pasivo Corriente | F20: =+F18 -> 18669633958
A21: 4.1 | B21: 4.1.4.1 REQUISITOS FINANCIEROS | C21: Nivel de Endeudamiento ≤ 80% | D21: 0.8 | E21: Pasivo Total | F21: 19607331449 | G21: =+F21/F22 -> 0.1964348 | H21: =IF(G21<=D21,"CUMPLE","NO CUMPLE") -> CUMPLE | I21: Registro Único de Proponentes | K21: =IF(H21="CUMPLE",0,1) -> 0
E22: Activo Total | F22: 99815975462
A23: 4.1 | B23: 4.1.4.2 CAPACIDAD ORGANIZACIONAL. | C23: Rentabilidad sobre Patrimonio ≥0.00 | D23: 0 | E23: Utilidad Operacional | F23: 15986347109 | G23: =+F23/F24 -> 0.19930953 | H23: =IF(G23>=D23,"CUMPLE","NO CUMPLE") -> CUMPLE | I23: Registro Único de Proponentes | K23: =IF(H23="CUMPLE",0,1) -> 0
E24: Patrimonio | F24: 80208644013
A25: 4.1 | B25: =+B23 -> 4.1.4.2 CAPACIDAD ORGANIZACIONAL. | C25: Rentabilidad sobre Activo ≥0.0 | D25: 0 | E25: Utilidad Operacional | F25: =+F23 -> 15986347109 | G25: =+F25/F26 -> 0.1601582 | H25: =IF(G25>=D25,"CUMPLE","NO CUMPLE") -> CUMPLE | I25: Registro Único de Proponentes | K25: =IF(H25="CUMPLE",0,1) -> 0
E26: Activo total | F26: =+F22 -> 99815975462
E28: RESULTADO | G28: =IF(K28=0,"CUMPLE","NO CUMPLE") -> CUMPLE | K28: =SUM(K10:K26) -> 0
A33: =+'CONSOLIDADO FINANCIERO'!$D$18 -> Elaboró: Diana Marcela Osuna Ayala Profesional 02 Gerencia Contratación Fondo Nacional del Ahorro

Sheet 6.SIGNAL MARKETING S.A.S.
A1: 6 | C1: FONDO NACIONAL DEL AHORRO
C3: OBJETO PROCESO | D3: =+'CONSOLIDADO FINANCIERO'!F5 -> SUMINISTRO DE MATERIAL PROMOCIONAL PUBLICITARIO INSTITUCIONAL PARA LA PROMOCIÓN, POSICIONAMIENTO, SOCIALIZACIÓN Y DIFUSIÓN DE LA MARCA FNA
C4: NUMERO DE PROCESO | D4: =+'CONSOLIDADO FINANCIERO'!F6 -> FNA-SG-SB-007-2022
C5: PROPONENTE | D5: =+'CONSOLIDADO FINANCIERO'!E15 -> SIGNAL MARKETING S.A.S.
C7: VERIFICACION EXPEDICIÓN REGISTRO UNICO DE PROPONENTES
C9: FECHA CIERRE PROCESO | D9: =+'1.CONSORCIO LM & CB'!D16 -> 44769
C10: FECHA EXPEDICION RUP | D10: 44768 | H10: CUMPLE | J10: mm / dd / aa | K10: =IF(H10="CUMPLE",0,1) -> 0 | M10: =+D9-30 -> 44739 | N10: 30 días anteriores
C11: FECHA ULTIMA RENOVACION | D11: 44659 | H11: =IF(D11<=M11,"CUMPLE","NO CUMPLE") -> CUMPLE | J11: mm / dd / aa | K11: =IF(H11="CUMPLE",0,1) -> 0 | M11: =+D11+15 -> 44674 | N11: 10 días hábiles
C12: FECHA DE LOS ESTADOS FINANCIEROS | D12: 44561 | H12: =IF(D12<=M12,"CUMPLE","NO CUMPLE") -> CUMPLE | J12: mm / dd / aa | K12: =IF(H12="CUMPLE",0,1) -> 0 | M12: =+D12+15 -> 44576
C14: VERIFICACIÓN REQUISITOS HABILITANTES FINANCIEROS
A16: NUMERAL | B16: VERIFICACIÓN DE LA CAPACIDAD FINANCIERA | C16: DESCRIPCION | D16: CRITERIO | E16: ITEM | F16: VALOR | G16: INDICADOR | H16: RESULTADO VERIFICACION | I16: DOCUMENTO ELECTRONICO | J16: OBSERVACIONES
A17: 4.1 | B17: 4.1.4.1 REQUISITOS FINANCIEROS | C17: Capital de Trabajo ≥ 45% POE | D17: ='CONSOLIDADO FINANCIERO'!$F$7*45% -> 360000000 | E17: Activo Corriente | F17: 3762249510 | G17: =+F17-F18 -> 2850267466 | H17: =IF(G17>=D17,"CUMPLE","NO CUMPLE") -> CUMPLE | I17: Registro Único de Proponentes | J17: 1. Cumple con los Indicadores Financieros y de Capacidad Organizacional solicitados por la Entidad, según información Financiera reportada a 31 dic 2021. | K17: =IF(H17="CUMPLE",0,1) -> 0
E18: Pasivo Corriente | F18: 911982044
A19: 4.1 | B19: 4.1.4.1 REQUISITOS FINANCIEROS | C19: Índice de Liquidez ≥ 1.2 | D19: 1.2 | E19: Activo Corriente | F19: =+F17 -> 3762249510 | G19: =+F19/F20 -> 4.1253548 | H19: =IF(G19>=D19,"CUMPLE","NO CUMPLE") -> CUMPLE | I19: Registro Único de Proponentes | K19: =IF(H19="CUMPLE",0,1) -> 0
E20: Pasivo Corriente | F20: =+F18 -> 911982044
A21: 4.1 | B21: 4.1.4.1 REQUISITOS FINANCIEROS | C21: Nivel de Endeudamiento ≤ 80% | D21: 0.8 | E21: Pasivo Total | F21: 916519230 | G21: =+F21/F22 -> 0.2139514 | H21: =IF(G21<=D21,"CUMPLE","NO CUMPLE") -> CUMPLE | I21: Registro Único de Proponentes | K21: =IF(H21="CUMPLE",0,1) -> 0
E22: Activo Total | F22: 4283773029
A23: 4.1 | B23: 4.1.4.2 CAPACIDAD ORGANIZACIONAL. | C23: Rentabilidad sobre Patrimonio ≥0.00 | D23: 0 | E23: Utilidad Operacional | F23: 717146094 | G23: =+F23/F24 -> 0.21297655 | H23: =IF(G23>=D23,"CUMPLE","NO CUMPLE") -> CUMPLE | I23: Registro Único de Proponentes | K23: =IF(H23="CUMPLE",0,1) -> 0
E24: Patrimonio | F24: 3367253799
A25: 4.1 | B25: =+B23 -> 4.1.4.2 CAPACIDAD ORGANIZACIONAL. | C25: Rentabilidad sobre Activo ≥0.0 | D25: 0 | E25: Utilidad Operacional | F25: =+F23 -> 717146094 | G25: =+F25/F26 -> 0.16740992 | H25: =IF(G25>=D25,"CUMPLE","NO CUMPLE") -> CUMPLE | I25: Registro Único de Proponentes | K25: =IF(H25="CUMPLE",0,1) -> 0
E26: Activo total | F26: =+F22 -> 4283773029
E28: RESULTADO | G28: =IF(K28=0,"CUMPLE","NO CUMPLE") -> CUMPLE | K28: =SUM(K10:K26) -> 0
A33: =+'CONSOLIDADO FINANCIERO'!$D$18 -> Elaboró: Diana Marcela Osuna Ayala Profesional 02 Gerencia Contratación Fondo Nacional del Ahorro

Sheet 7.IMPRIDEAS SAS
A1: 7 | C1: FONDO NACIONAL DEL AHORRO
C3: OBJETO PROCESO | D3: =+'CONSOLIDADO FINANCIERO'!F5 -> SUMINISTRO DE MATERIAL PROMOCIONAL PUBLICITARIO INSTITUCIONAL PARA LA PROMOCIÓN, POSICIONAMIENTO, SOCIALIZACIÓN Y DIFUSIÓN DE LA MARCA FNA
C4: NUMERO DE PROCESO | D4: =+'CONSOLIDADO FINANCIERO'!F6 -> FNA-SG-SB-007-2022
C5: PROPONENTE | D5: =+'CONSOLIDADO FINANCIERO'!E16 -> IMPRIDEAS SAS
C7: VERIFICACION EXPEDICIÓN REGISTRO UNICO DE PROPONENTES
C9: FECHA CIERRE PROCESO | D9: =+'1.CONSORCIO LM & CB'!D16 -> 44769
C10: FECHA EXPEDICION RUP | D10: 44764 | H10: CUMPLE | J10: mm / dd / aa | K10: =IF(H10="CUMPLE",0,1) -> 0 | M10: =+D9-30 -> 44739 | N10: 30 días anteriores
C11: FECHA ULTIMA RENOVACION | D11: 44662 | H11: =IF(D11<=M11,"CUMPLE","NO CUMPLE") -> CUMPLE | J11: mm / dd / aa | K11: =IF(H11="CUMPLE",0,1) -> 0 | M11: =+D11+15 -> 44677 | N11: 10 días hábiles
C12: FECHA DE LOS ESTADOS FINANCIEROS | D12: 44561 | H12: =IF(D12<=M12,"CUMPLE","NO CUMPLE") -> CUMPLE | J12: mm / dd / aa | K12: =IF(H12="CUMPLE",0,1) -> 0 | M12: =+D12+15 -> 44576
C14: VERIFICACIÓN REQUISITOS HABILITANTES FINANCIEROS
A16: NUMERAL | B16: VERIFICACIÓN DE LA CAPACIDAD FINANCIERA | C16: DESCRIPCION | D16: CRITERIO | E16: ITEM | F16: VALOR | G16: INDICADOR | H16: RESULTADO VERIFICACION | I16: DOCUMENTO ELECTRONICO | J16: OBSERVACIONES
A17: 4.1 | B17: 4.1.4.1 REQUISITOS FINANCIEROS | C17: Capital de Trabajo ≥ 45% POE | D17: ='CONSOLIDADO FINANCIERO'!$F$7*45% -> 360000000 | E17: Activo Corriente | F17: 5226673000 | G17: =+F17-F18 -> 4285102000 | H17: =IF(G17>=D17,"CUMPLE","NO CUMPLE") -> CUMPLE | I17: Registro Único de Proponentes | J17: 1. Cumple con los Indicadores Financieros y de Capacidad Organizacional solicitados por la Entidad, según información Financiera reportada a 31 dic 2021. | K17: =IF(H17="CUMPLE",0,1) -> 0
E18: Pasivo Corriente | F18: 941571000
A19: 4.1 | B19: 4.1.4.1 REQUISITOS FINANCIEROS | C19: Índice de Liquidez ≥ 1.2 | D19: 1.2 | E19: Activo Corriente | F19: =+F17 -> 5226673000 | G19: =+F19/F20 -> 5.5510131 | H19: =IF(G19>=D19,"CUMPLE","NO CUMPLE") -> CUMPLE | I19: Registro Único de Proponentes | K19: =IF(H19="CUMPLE",0,1) -> 0
E20: Pasivo Corriente | F20: =+F18 -> 941571000
A21: 4.1 | B21: 4.1.4.1 REQUISITOS FINANCIEROS | C21: Nivel de Endeudamiento ≤ 80% | D21: 0.8 | E21: Pasivo Total | F21: 3703005000 | G21: =+F21/F22 -> 0.50285225 | H21: =IF(G21<=D21,"CUMPLE","NO CUMPLE") -> CUMPLE | I21: Registro Único de Proponentes | K21: =IF(H21="CUMPLE",0,1) -> 0
E22: Activo Total | F22: 7364002000
A23: 4.1 | B23: 4.1.4.2 CAPACIDAD ORGANIZACIONAL. | C23: Rentabilidad sobre Patrimonio ≥0.00 | D23: 0 | E23: Utilidad Operacional | F23: 687567000 | G23: =+F23/F24 -> 0.18780868 | H23: =IF(G23>=D23,"CUMPLE","NO CUMPLE") -> CUMPLE | I23: Registro Único de Proponentes | K23: =IF(H23="CUMPLE",0,1) -> 0
E24: Patrimonio | F24: 3660997000
A25: 4.1 | B25: =+B23 -> 4.1.4.2 CAPACIDAD ORGANIZACIONAL. | C25: Rentabilidad sobre Activo ≥0.0 | D25: 0 | E25: Utilidad Operacional | F25: =+F23 -> 687567000 | G25: =+F25/F26 -> 0.09336866 | H25: =IF(G25>=D25,"CUMPLE","NO CUMPLE") -> CUMPLE | I25: Registro Único de Proponentes | K25: =IF(H25="CUMPLE",0,1) -> 0
E26: Activo total | F26: =+F22 -> 7364002000
E28: RESULTADO | G28: =IF(K28=0,"CUMPLE","NO CUMPLE") -> CUMPLE | K28: =SUM(K10:K26) -> 0
A33: =+'CONSOLIDADO FINANCIERO'!$D$18 -> Elaboró: Diana Marcela Osuna Ayala Profesional 02 Gerencia Contratación Fondo Nacional del Ahorro

Sheet CONSOLIDADO FINANCIERO
F1: FONDO NACIONAL DEL AHORRO
D3: CONSOLIDADO VERIFICACIÓN FINANCIERA
D5: OBJETO PROCESO | F5: SUMINISTRO DE MATERIAL PROMOCIONAL PUBLICITARIO INSTITUCIONAL PARA LA PROMOCIÓN, POSICIONAMIENTO, SOCIALIZACIÓN Y DIFUSIÓN DE LA MARCA FNA
D6: NUMERO DE PROCESO | F6: FNA-SG-SB-007-2022
D7: PRESUPUESTO | F7: 800000000
D9: N° | E9: Proponente | F9: Resultado | G9: Capital de Trabajo >= 45% POE | H9: Índice de Liquidez | I9: Nivel de Endeudamiento | J9: Rentabilidad sobre Patrimonio | K9: Rentabilidad sobre Activo | L9: Observaciones
D10: 1 | E10: CONSORCIO LM & CB | F10: ='1.CONSORCIO LM & CB'!H36 -> NO CUMPLE | G10: ='1.CONSORCIO LM & CB'!H25 -> 1705385000 | H10: ='1.CONSORCIO LM & CB'!H27 -> 5.5121124 | I10: ='1.CONSORCIO LM & CB'!H29 -> 0.31219171 | J10: ='1.CONSORCIO LM & CB'!H31 -> 0.5347716 | K10: ='1.CONSORCIO LM & CB'!H33 -> 0.36782034 | L10: =+'1.CONSORCIO LM & CB'!K25 -> 1. El oferente NO CUMPLE con los Indicadores Financieros y de Capacidad Organizacional solicitados por la Entidad, toda vez que no presento el RUP del integrante COMERCIALIZADORA CAFÉ BOTERO SAS en el termino establecido para subsanar en las reglas de participación.
D11: 2 | E11: COMERCIALIZADORA COMSILA SAS | F11: =+'2.COMERCIALIZADORA COMSILA SAS'!G28 -> CUMPLE | G11: =+'2.COMERCIALIZADORA COMSILA SAS'!G17 -> 2377576111 | H11: =+'2.COMERCIALIZADORA COMSILA SAS'!G19 -> 2.9730947 | I11: =+'2.COMERCIALIZADORA COMSILA SAS'!G21 -> 0.52333319 | J11: =+'2.COMERCIALIZADORA COMSILA SAS'!G23 -> 0.20007125 | K11: =+'2.COMERCIALIZADORA COMSILA SAS'!G25 -> 0.095367324 | L11: =+'2.COMERCIALIZADORA COMSILA SAS'!J17 -> 1. Cumple con los Indicadores Financieros y de Capacidad Organizacional solicitados por la Entidad, según información Financiera reportada a 31 dic 2021.
D12: 3 | E12: 4P PUBLICIDAD SAS | F12: =+'3.4P PUBLICIDAD SAS'!G29 -> NO CUMPLE | G12: =+'3.4P PUBLICIDAD SAS'!G18 -> 0 | H12: =+'3.4P PUBLICIDAD SAS'!G20 -> #DIV/0! | I12: =+'3.4P PUBLICIDAD SAS'!G22 -> #DIV/0! | J12: =+'3.4P PUBLICIDAD SAS'!G24 -> #DIV/0! | K12: =+'3.4P PUBLICIDAD SAS'!G26 -> #DIV/0! | L12: =+'3.4P PUBLICIDAD SAS'!J18 -> 1. El oferente NO CUMPLE con los Indicadores Financieros y de Capacidad Organizacional solicitados por la Entidad, toda vez que no presento el RUP en el termino establecido para subsanar en las reglas de participación.
D13: 4 | E13: GN GENERACION DE NEGOCIOS SAS | F13: =+'4.GN GENERACION DE NEGOCIOS SAS'!G28 -> CUMPLE | G13: =+'4.GN GENERACION DE NEGOCIOS SAS'!G17 -> 643195771 | H13: =+'4.GN GENERACION DE NEGOCIOS SAS'!G19 -> 12.806704 | I13: =+'4.GN GENERACION DE NEGOCIOS SAS'!G21 -> 0.07073368 | J13: =+'4.GN GENERACION DE NEGOCIOS SAS'!G23 -> 0.31193724 | K13: =+'4.GN GENERACION DE NEGOCIOS SAS'!G25 -> 0.28987277 | L13: =+'4.GN GENERACION DE NEGOCIOS SAS'!J17 -> 1. Cumple con los Indicadores Financieros y de Capacidad Organizacional solicitados por la Entidad, según información Financiera reportada a 31 dic 2021.
D14: 5 | E14: PROMOS LTDA | F14: =+'5.PROMOS LTDA'!G28 -> CUMPLE | G14: =+'5.PROMOS LTDA'!G17 -> 26890797619 | H14: =+'5.PROMOS LTDA'!G19 -> 2.4403495 | I14: =+'5.PROMOS LTDA'!G21 -> 0.1964348 | J14: =+'5.PROMOS LTDA'!G23 -> 0.19930953 | K14: =+'5.PROMOS LTDA'!G25 -> 0.1601582 | L14: =+'5.PROMOS LTDA'!J17 -> 1. Cumple con los Indicadores Financieros y de Capacidad Organizacional solicitados por la Entidad, según información Financiera reportada a 31 dic 2021.
D15: 6 | E15: SIGNAL MARKETING S.A.S. | F15: =+'6.SIGNAL MARKETING S.A.S.'!G28 -> CUMPLE | G15: =+'6.SIGNAL MARKETING S.A.S.'!G17 -> 2850267466 | H15: =+'6.SIGNAL MARKETING S.A.S.'!G19 -> 4.1253548 | I15: =+'6.SIGNAL MARKETING S.A.S.'!G21 -> 0.2139514 | J15: =+'6.SIGNAL MARKETING S.A.S.'!G23 -> 0.21297655 | K15: =+'6.SIGNAL MARKETING S.A.S.'!G25 -> 0.16740992 | L15: =+'6.SIGNAL MARKETING S.A.S.'!J17 -> 1. Cumple con los Indicadores Financieros y de Capacidad Organizacional solicitados por la Entidad, según información Financiera reportada a 31 dic 2021.
D16: 7 | E16: IMPRIDEAS SAS | F16: =+'7.IMPRIDEAS SAS'!G28 -> CUMPLE | G16: =+'7.IMPRIDEAS SAS'!G17 -> 4285102000 | H16: =+'7.IMPRIDEAS SAS'!G19 -> 5.5510131 | I16: =+'7.IMPRIDEAS SAS'!G21 -> 0.50285225 | J16: =+'7.IMPRIDEAS SAS'!G23 -> 0.18780868 | K16: =+'7.IMPRIDEAS SAS'!G25 -> 0.09336866 | L16: =+'7.IMPRIDEAS SAS'!J17 -> 1. Cumple con los Indicadores Financieros y de Capacidad Organizacional solicitados por la Entidad, según información Financiera reportada a 31 dic 2021.
D18: Elaboró: Diana Marcela Osuna Ayala Profesional 02 Gerencia Contratación Fondo Nacional del Ahorro
